 Dungeon Crawl Stone Soup version 0.28-a0-429-g1448048969 (webtiles) character file.

Game seed: 11658006860240574892

210022 mathmaestro the Grappler (level 17, -10/175 HPs)
             Began as a Troll Monk on Sept 10, 2021.
             Was a Priest of Jiyva.
             Killed by the raging water
             ... invoked by a water nymph
              (15 damage)
             ... on level 4 of the Shoals.
             The game lasted 01:46:36 (33602 turns).

mathmaestro the Grappler (Troll Monk)              Turns: 33602, Time: 01:46:37

Health: -10/175    AC: 24    Str: 19    XL:     17   Next: 69%
Magic:  15/17      EV: 15    Int: 13    God:    Jiyva [***...]
Gold:   151        SH: 15    Dex: 16    Spells: 16/16 levels left

rFire   . . .      SeeInvis .     - Unarmed
rCold   + + .      Faith    .   M - +0 kite shield {reflect}
rNeg    + + .      Spirit   .   e - +7 pearl dragon scales
rPois   +          Reflect  +   W - +2 hat {Will+}
rElec   .          Harm     .   p - +2 cloak
rCorr   +          Rampage  .   (gloves unavailable)
Will    ++...                   (boots unavailable)
Stlth   ..........              C - amulet of reflection
HPRegen 1.39/turn               g - ring "Foemym" {rPois rC++ rN+}
MPRegen 0.15/turn               D - +4 ring of evasion

@: marked, very slow
A: large, unfitting armour, claws 3, regeneration 1, shaggy fur 1, tough skin 1,
antennae 1, clever 1, high mp 1, sense surroundings 1, acidic bite, eyeballs 1,
pseudopods 1, tendrils, engulf
}: 2/15 runes: slimy, gossamer
a: Renounce Religion, Request Jelly


You were on level 4 of the Shoals.
You worshipped Jiyva.
Jiyva was most pleased with you.
You visited 7 branches of the dungeon, and saw 37 of its levels.
You visited 1 bazaar.
You also visited: Trove and Sewer.

You collected 2547 gold pieces.
You spent 2396 gold pieces at shops.

Inventory:

Missiles
 T - 24 large rocks (quivered)
 Y - 19 javelins
Armour
 e - +7 pearl dragon scales (worn)
 p - a +2 cloak (worn)
 M - a +0 kite shield of reflection (worn)
 W - a +2 hat of willpower (worn)
Jewellery
 d - an amulet of guardian spirit
 g - the ring "Foemym" (left claw) {rPois rC++ rN+}
   (You bought it in a shop on level 7 of the Dungeon)

   [ring of positive energy]

   rC:        It greatly protects you from cold.
   rPois:     It protects you from poison.
   rN:        It protects you from negative energy.
 h - the amulet of Tulips {Acrobat -Cast rElec rC+ Dex+3}
   (You found it in a treasure trove)

   [amulet of the acrobat]

   It increases your evasion while moving and waiting.
   Dex:       It affects your dexterity (+3).
   rC:        It protects you from cold.
   rElec:     It insulates you from electricity.
   -Cast:     It prevents spellcasting.
 m - the ring of Ytuwiud {rN++ Will+}
   (You found it on level 1 of the Orcish Mines)

   [ring of willpower]

   rN:        It greatly protects you from negative energy.
   Will:      It increases your willpower.
 C - an amulet of reflection (around neck)
 D - a +4 ring of evasion (right claw)
 K - the ring of Emodumn {rPois Str+4 Int-4 SInv}
   (You found it on level 5 of the Pits of Slime)

   [ring of see invisible]

   Str:       It affects your strength (+4).
   Int:       It affects your intelligence (-4).
   rPois:     It protects you from poison.
   SInv:      It lets you see invisible.
 V - a ring of see invisible
Wands
 f - a wand of mindburst (20)
 u - a wand of polymorph (10)
 w - a wand of flame (38)
 A - a wand of acid (14)
 H - a wand of paralysis (8)
 I - a wand of digging (16)
 P - a wand of iceblast (21)
Scrolls
 i - 2 scrolls of magic mapping
 s - 2 scrolls of fear
 t - a scroll of fog
 y - a scroll of silence
 z - a scroll of vulnerability
 B - 5 scrolls of teleportation
 E - a scroll of holy word
 F - 10 scrolls of identify
Potions
 a - 4 potions of resistance
 b - a potion of berserk rage
 j - a potion of magic
 k - a potion of invisibility
 l - 2 potions of cancellation
 n - 6 potions of haste
 o - 6 potions of brilliance
 q - 2 potions of flight
 r - 8 potions of lignification
 x - 3 potions of curing
 O - 2 potions of might
 Z - 11 potions of ambrosia
Miscellaneous
 c - a box of beasts (inert)
 v - a piece from Xom's chessboard (15/15)
 G - a phial of floods (inert)
 J - a piece from Xom's chessboard (15/15)


   Skills:
 + Level 12.5 Fighting
 - Level 10.0 Throwing
 + Level 11.9 Armour
 - Level 10.0 Dodging
 - Level 1.0 Stealth
 * Level 7.5 Shields
 + Level 14.4 Unarmed Combat
 - Level 10.0 Evocations


You had 16 spell levels left.
You didn't know any spells.
Your spell library contained the following spells:

 Spells                   Type           Power      Damage    Failure   Level
 Animate Skeleton         Necr           0%         N/A       77%         1
 Apportation              Tloc           0%         N/A       77%         1
 Beastly Appendage        Tmut           0%         N/A       77%         1
 Foxfire                  Conj/Fire      0%         2x1d4     77%         1
 Pain                     Necr           0%         1d4       77%         1
 Sting                    Tmut/Pois      0%         1d3       77%         1
 Corpse Rot               Necr/Air       N/A        N/A       88%         2
 Poisonous Vapours        Pois/Air       0%         N/A       88%         2
 Scorch                   Fire           0%         2d5       88%         2
 Slow                     Hex            0%         N/A       88%         2
 Static Discharge         Conj/Air       0%         N/A       88%         2
 Wereblood                Tmut           0%         N/A       88%         2
 Confusing Touch          Hex            0%         N/A       98%         3
 Conjure Flame            Conj/Fire      0%         6-21      98%         3
 Dazzling Flash           Conj/Hex       0%         N/A       98%         3
 Ignite Poison            Fire/Tmut/Pois 0%         N/A       98%         3
 Inner Flame              Hex/Fire       0%         N/A       98%         3
 Mephitic Cloud           Conj/Pois/Air  0%         N/A       98%         3
 Ozocubu's Armour         Ice            0%         N/A       98%         3
 Spider Form              Tmut/Pois      0%         N/A       98%         3
 Vampiric Draining        Necr           0%         2d6       98%         3
 Cause Fear               Hex            0%         N/A       100%        4
 Dispel Undead            Necr           0%         3d6       100%        4
 Flame Wave               Conj/Fire      0%         3d3       100%        4
 Fulminant Prism          Conj/Hex       0%         3d6       100%        4
 Iskenderun's Mystic Bla  Conj/Tloc      0%         2d3       100%        4
 Leda's Liquefaction      Hex/Erth       0%         N/A       100%        4
 Olgreb's Toxic Radiance  Pois           0%         N/A       100%        4
 Sticky Flame             Conj/Fire      0%         2d3       100%        4
 Agony                    Necr           0%         N/A       100%        5
 Freezing Cloud           Conj/Ice/Air   0%         6-21      100%        5
 Lee's Rapid Deconstruct  Erth           0%         3d5*      100%        5
 Lightning Bolt           Conj/Air       0%         1d11      100%        5
 Metabolic Englaciation   Hex/Ice        0%         N/A       100%        5
 Silence                  Hex/Air        0%         N/A       100%        5
 Yara's Violent Unravell  Hex/Tmut       0%         3d3       100%        5
 Death Channel            Necr           0%         N/A       100%        6
 Dispersal                Tloc           0%         N/A       100%        6
 Simulacrum               Ice/Necr       0%         N/A       100%        6
 Statue Form              Tmut/Erth      0%         N/A       100%        6
 Summon Cactus Giant      Summ           0%         N/A       100%        6
 Dragon Form              Tmut           0%         N/A       100%        7
 Storm Form               Tmut/Air       0%         N/A       100%        7
 Ignition                 Fire           0%         3d3       100%        8
 Maxwell's Capacitive Co  Air            0%         ∞         100%        8
 Dragon's Call            Summ           0%         N/A       100%        9


Dungeon Overview and Level Annotations

Branches:
Dungeon (15/15)            Temple (1/1) D:7            Lair (6/6) D:9
 Shoals (4/4) Lair:4       Spider (4/4) Lair:2        Slime (5/5) Lair:6
    Orc (2/2) D:12            Elf (0/3) Orc:2        Vaults (0/5) D:14
 Depths (0/5) D:15          Sewer (visited)

Altars:
Ashenzari
Cheibriados
Dithmenos
Elyvilon
Fedhas
Gozag
Hepliaklqana
Kikubaaqudgha
Makhleb
Nemelex Xobeh
Okawaru
Qazlal
Ru
Sif Muna
Trog
Uskayaw
Vehumet
Wu Jian
Xom
Yredelemnul
Zin
The Shining One
Beogh
Jiyva
Lugonu

Shops:
D:5 ***   D:7 =?([   Orc:2 *[=(   Shoals:2 *

Portals:
Abyss: Lair:6

Annotations:
Slime:5 Royal Jelly


Innate Abilities, Weirdness & Mutations

You are too large for most types of armour.
You have claws for hands.
Your natural rate of healing is unusually fast.
You are covered in fur. (AC +1)
You have tough skin. (AC +1)
You have a pair of small antennae on your head.
Your mind is acute. (Int +2)
You have an increased reservoir of magic. (+10% MP)
You passively map a small area around you.
You have acidic saliva.
Your body has grown golden eyes which may confuse attackers. (Acc +3)
Armour fits poorly on your pseudopods.
You are covered in slimy tendrils that may disarm your opponents.
Your melee attacks may engulf your foes in ooze.


Message History

Unknown command.
You cannot read scrolls while unable to breathe!
You slip free of the water engulfing you.
You enter the shallow water.
Moving in this stuff is going to be slow.
You gasp with relief as air once again reaches your lungs.
The air elemental hits you.
* * * LOW HITPOINT WARNING * * *
You block the air elemental's attack.
You hear a distant slurping noise.
You block the air elemental's attack. The water nymph touches you.
The water nymph drowns you!
* * * LOW HITPOINT WARNING * * *
The water nymph's watery aura covers the open door.
A merfolk aquamancer comes into view. It is wielding a +1 rapier of venom.
As you read the scroll of fear, it crumbles to dust.
You assume a fearsome visage.
The water elemental is unaffected.
The water nymph resists with almost no effort.
The air elemental is unaffected.
The water elemental is unaffected.
The merfolk aquamancer looks frightened!
The sea snake looks frightened!
The air elemental fires a burst of electricity at you.
The stunning burst hits you.
You shrug off the repeated paralysis!
* * * LOW HITPOINT WARNING * * *
The air elemental fires a burst of electricity at you.
The stunning burst misses you.
You hear a distant slurping noise.
Jiyva appreciates your sacrifice. The water nymph casts a spell at you.
The water swirls and strikes you!
* * * LOW HITPOINT WARNING * * *
The air elemental hits you but does no damage.
Unknown command.
Okay, then.
The air elemental hits you.
* * * LOW HITPOINT WARNING * * *
You block the air elemental's attack.
The water nymph gestures at you while chanting.
The water swirls and strikes you!
You die...

≈≈≈,,,≈≈*,,,*,,≈≈≈,,#≈≈#*≈≈≈≈≈≈≈≈
≈≈≈≈*,,,,*,,*≈≈,,,,{#.≈#*≈≈≈≈≈≈≈≈
***,,*≈,≈,,≈*8≈,,,{8#†H#*≈≈≈≈≈≈≈≈
≈≈,,,,,≈≈,,,#########≈≈#*≈≈≈≈≈≈≈≈
,,*********##..m.E.≈≈≈.#*≈≈≈≈≈≈≈≈
,,......,,8#m..EmE.≈≈≈≈#*≈≈≈≈≈≈≈≈
≈≈≈≈≈..,.,,#J..##E##...#*≈≈≈≈≈≈≈≈
##.≈≈≈≈≈≈,,#..##E≈≈##..#*≈≈≈≈≈≈≈≈
≈#≈..#≈≈≈*,#..#≈@m≈≈#..#*≈≈≈≈≈≈≈≈
≈≈.≈≈≈≈≈.,,#..#≈≈<≈≈#.##*≈≈≈≈≈≈≈≈
≈≈≈≈.....,,#).#≈≈≈≈≈#)# *≈≈≈≈≈≈≈≈
..{......,8#..##≈≈≈##.# *≈≈≈≈≈≈≈≈
..##########E..#####.,* *≈≈≈≈≈≈≈≈
.....E).E............,* *≈≈≈≈≈≈≈≈
....†.).)........####** *≈≈≈≈≈≈≈≈
################## *≈≈≈≈≈≈≈≈
*************************≈≈≈≈≈≈≈≈


You could see 3 water elementals, a water nymph and an air elemental.

Vanquished Creatures
  Gastronok (Lair:2)
  A kraken (Shoals:2)
  Agnes (D:15)
  Roxanne (Spider:1)
  Donald (Shoals:1)
  5 ghost moths (Spider:4)
  The ghost of Beuhykh the Phalangite, a journeyman MfGl of the Shining One (Orc:1)
  6 emperor scorpions
  A stone giant (D:13)
  Nessos (Orc:2)
  A spark wasp (Spider:4)
  A dire elephant (D:15)
  A merfolk javelineer (Shoals:4)
  Snorg (Lair:6)
  4 merfolk impalers
  Fannar (D:11)
  10 hydras
  2 boulder beetles
  10 centaur warriors
  A catoblepas (Lair:3)
  An ogre mage (D:15)
  3 alligator snapping turtles
  7 two-headed ogres
  A merfolk aquamancer (Shoals:4)
  9 death yaks
  3 tengu warriors
  2 orc high priests (Orc:2)
  3 thrashing horrors (Lair:6)
  Urug (Lair:2)
  Nergalle (Lair:4)
  A skeletal warrior (D:13)
  6 sea snakes
  3 orc knights
  4 lindwurms (Lair:3)
  27 wolf spiders
  3 deep elf pyromancers (D:15)
  7 cyclopes
  18 orb spiders
  13 manticores
  6 orc sorcerers
  21 ugly things
  2 moths of wrath
  5 fauns (Shoals:2)
  6 elephants (Lair:5)
  3 black mambas
  2 merfolk sirens
  2 torpor snails
  2 gargoyles
  5 water nymphs
  An unseen horror (D:11)
  6 cane toads
  2 rime drakes
  A kobold demonologist (D:13)
  An efreet (D:13)
  9 demonic crawlers
  13 komodo dragons
  An ancient zyme (Lair:6)
  A queen bee (Lair:3)
  9 trolls
  6 meliai
  4 merfolk (Shoals:2)
  2 polar bears
  27 jumping spiders
  A polar bear (shapeshifter) (D:12)
  5 wind drakes
  2 hornets
  31 blink frogs
  6 slime creatures (D:11)
  4 snapping turtles
  A spriggan (Lair:6)
  22 tarantellas
  A centaur simulacrum (D:14)
  9 wraiths
  3 hogs (Shoals:1)
  48 redbacks
  A yak (shapeshifter) (D:13)
  A ynoxinul (Lair:6)
  2 shadows
  3 wyverns
  23 yaks
  10 basilisks
  5 chaos spawn (Lair:6)
  8 water elementals
  11 vampire mosquitoes
  4 large abominations (Lair:6)
  7 small abominations (Lair:6)
  A warg (shapeshifter) (Lair:6)
  3 acid dragons
  12 water moccasins
  3 wargs (Orc:2)
  2 hell hounds (Lair:5)
  Purgy (Sewer)
  A hornet zombie (D:5)
  An ice beast (D:7)
  A sky beast (D:7)
  41 orc warriors
  9 ogres
  5 black bears
  2 necrophages
  2 phantoms
  24 wolves
  14 centaurs
  3 kobold brigands (D:8)
  13 bullfrogs
  2 gnoll sergeants
  3 wyvern zombies
  5 scorpions
  A water moccasin zombie (D:7)
  A wyvern skeleton (D:7)
  A water moccasin skeleton (D:5)
  29 killer bees
  A jelly (D:6)
  9 wights (D:8)
  10 howler monkeys
  A lava snake (Lair:2)
  4 centaur zombies
  2 hounds
  A bullfrog skeleton (D:6)
  A bullfrog zombie (D:5)
  17 orc priests
  A centaur skeleton (D:7)
  A gnoll shaman (D:7)
  Jessica (D:3)
  2 iguanas
  Ijyb (D:3)
  20 orc wizards
  2 hell rats (Lair:6)
  2 killer bee zombies (D:7)
  3 howler monkey zombies
  22 gnolls
  9 river rats (Lair:6)
  8 adders
  A white imp (D:7)
  An ufetubus (D:6)
  An adder skeleton (D:4)
  7 worms
  4 dart slugs
  73 orcs
  9 endoplasms
  6 giant cockroaches
  7 goblins
  7 hobgoblins
  4 jackals (D:3)
  9 quokkas
  9 ball pythons
  7 bats
  12 frilled lizards
  A jackal skeleton (D:3)
  22 kobolds
  3 rats
  A tentacle (Shoals:2)
991 creatures vanquished.

Vanquished Creatures (collateral kills)
  3 orb spiders
  A hornet (Spider:4)
  2 jumping spiders (Spider:1)
  2 air elementals (Shoals:4)
  A spriggan (Lair:6)
9 creatures vanquished.

Vanquished Creatures (others)
  An acid blob (Spider:4)
  An ironbound preserver (D:14)
  A merfolk impaler (Shoals:4)
  A boulder beetle (D:14)
  A merfolk avatar (Shoals:1)
  A rakshasa (D:13)
  3 centaur warriors
  A two-headed ogre (D:12)
  A tengu warrior (D:13)
  An orc high priest (Orc:2)
  A sea snake (Shoals:4)
  An eye of devastation (shapeshifter) (D:13)
  2 deep elf pyromancers (D:13)
  A cyclops (D:12)
  An orb spider (Spider:4)
  An orc sorcerer (Orc:2)
  2 manticores
  A komodo dragon (D:13)
  An unseen horror (D:13)
  An efreet (D:13)
  A freezing wraith (D:13)
  17 slime creatures
  2 redbacks
  A ynoxinul (Lair:6)
  A yak (Lair:3)
  3 wraiths (D:13)
  A basilisk (D:13)
  3 vampire mosquitoes
  An acid dragon (D:12)
  7 orc warriors
  3 centaurs (D:14)
  A howler monkey (D:13)
  106 jellies
  7 orc priests
  8 orc wizards
  27 orcs
  6 bushes (D:14)
  35 fungi
  136 plants
  38 tentacles
  4 toadstools (D:1)
  2 withered plants (D:6)
434 creatures vanquished.

Grand Total: 1434 creatures vanquished

Notes
Turn   | Place    | Note
-------+----------+-------------------------------------------
     0 | D:1      | mathmaestro the Troll Monk began the quest for the Orb.
     0 | D:1      | Reached XP level 1. HP: 22/22 MP: 0/0
   205 | D:1      | Reached XP level 2. HP: 29/29 MP: 1/1
   545 | D:1      | Found a faded altar of an unknown god.
   789 | D:2      | Reached XP level 3. HP: 36/36 MP: 2/2
  1582 | D:3      | Reached skill level 4 in Unarmed Combat
  1582 | D:3      | Reached XP level 4. HP: 5/45 MP: 0/3
  1629 | D:3      | Found a blossoming altar of Fedhas.
  1645 | D:3      | Noticed Jessica
  1652 | D:3      | Killed Jessica
  1653 | D:3      | Reached XP level 5. HP: 43/53 MP: 2/4
  1669 | D:3      | Found a glowing drain.
  1680 | Sewer    | Entered a sewer
  1766 | Sewer    | Noticed Purgy
  1866 | Sewer    | Killed Purgy
  1867 | Sewer    | Reached skill level 1 in Armour
  1867 | Sewer    | Reached XP level 6. HP: 62/62 MP: 5/5
  2070 | D:3      | Found a sacrificial altar of Ru.
  2158 | D:3      | Noticed Ijyb
  2172 | D:3      | Killed Ijyb
  2673 | D:4      | Reached skill level 1 in Throwing
  2673 | D:4      | Reached skill level 5 in Unarmed Combat
  2876 | D:4      | Reached skill level 1 in Evocations
  2876 | D:4      | Reached XP level 7. HP: 51/70 MP: 4/6
  3508 | D:5      | Entered Level 5 of the Dungeon
  3531 | D:5      | Found July's General Store.
  3728 | D:5      | Found Rasy's Specific Store.
  3731 | D:5      | Found Oguod's General Store.
  3736 | D:5      | Bought a scroll of identify for 24 gold pieces
  3736 | D:5      | Bought 2 potions of degeneration for 24 gold pieces
  3736 | D:5      | Bought a scroll of noise for 12 gold pieces
  3736 | D:5      | Bought a scroll of identify for 24 gold pieces
  4010 | D:5      | Reached XP level 8. HP: 79/79 MP: 7/7
  4356 | D:6      | Found an ancient bone altar of Kikubaaqudgha.
  4535 | D:6      | Reached skill level 5 in Fighting
  4701 | D:6      | Reached skill level 6 in Unarmed Combat
  4984 | D:6      | Found a glowing silver altar of Zin.
  5256 | D:7      | Found a hazy altar of Hepliaklqana.
  5303 | D:7      | Reached XP level 9. HP: 54/88 MP: 5/8
  5538 | D:7      | Found Syoseida's Jewellery Emporium.
  5551 | D:7      | Found a staircase to the Ecumenical Temple.
  5664 | D:7      | Found Kaal's Weapon Shop.
  5716 | D:7      | Reached skill level 5 in Dodging
  5724 | D:7      | Found a basalt altar of Yredelemnul.
  5942 | D:7      | Found Fulew's Magic Scroll Boutique.
  5950 | D:7      | Bought a scroll of fog for 30 gold pieces
  5950 | D:7      | Bought a scroll of identify for 30 gold pieces
  5973 | D:7      | Found Ussux's Armour Boutique.
  6111 | Temple   | Entered the Ecumenical Temple
  6441 | D:8      | Found an iron altar of Okawaru.
  6634 | D:8      | Reached skill level 7 in Unarmed Combat
  6732 | D:8      | Found a hide-covered altar of Uskayaw.
  6882 | D:8      | Reached XP level 10. HP: 98/98 MP: 9/9
  6905 | D:8      | Found a radiant altar of Vehumet.
  7384 | D:9      | Found a bloodstained altar of Trog.
  7495 | D:9      | Found a staircase to the Lair.
  7526 | D:9      | Reached skill level 5 in Throwing
  7661 | D:9      | Found an opulent altar of Gozag.
  7887 | D:9      | Reached skill level 5 in Armour
  8023 | D:10     | Entered Level 10 of the Dungeon
  8023 | D:10     | Found a shimmering altar of Xom.
  8024 | D:10     | Found a shimmering altar of Xom.
  8110 | D:10     | Found a shadowy altar of Dithmenos.
  8144 | D:10     | Paralysed by a hornet for 1 turns
  8769 | D:11     | Noticed a manticore
  8790 | D:11     | Killed a manticore
  8791 | D:11     | Reached skill level 8 in Unarmed Combat
  9023 | D:11     | Reached XP level 11. HP: 98/107 MP: 10/10
  9109 | D:11     | Noticed Fannar
  9128 | D:11     | Killed Fannar
  9275 | D:11     | Noticed a two-headed ogre
  9282 | D:11     | Killed a two-headed ogre
  9283 | D:11     | Reached skill level 5 in Evocations
  9945 | D:12     | Noticed a white ugly thing
  9961 | D:12     | Killed a white ugly thing
 10101 | Lair:1   | Entered Level 1 of the Lair of Beasts
 10198 | Lair:1   | Noticed a five-headed hydra
 10207 | Lair:1   | Killed a five-headed hydra
 10587 | Lair:1   | Reached skill level 9 in Unarmed Combat
 10968 | Lair:2   | Found the +10 Black Knight's barding {ponderous, rPois rN+}
 11011 | Lair:2   | Found a hole to the Spider Nest.
 11096 | Lair:2   | Reached XP level 12. HP: 119/119 MP: 11/11
 11119 | Lair:2   | Noticed Gastronok
 11152 | Lair:2   | Killed Gastronok
 11390 | Lair:2   | Noticed Urug
 11404 | Lair:2   | Killed Urug
 11791 | Lair:3   | Noticed a catoblepas
 11816 | Lair:3   | Killed a catoblepas
 11889 | Lair:3   | Identified the ring "Foecvasa" {Fly rC- Int+6 SInv Stlth+}
 12014 | Lair:3   | Found a glowing silver altar of Zin.
 12029 | Lair:3   | Noticed a four-headed hydra
 12034 | Lair:3   | Killed a four-headed hydra
 12788 | Lair:3   | Reached skill level 10 in Unarmed Combat
 13176 | Lair:4   | Reached XP level 13. HP: 118/128 MP: 12/12
 13297 | Lair:4   | Noticed Nergalle
 13305 | Lair:4   | Killed Nergalle
 13551 | Lair:4   | Found a staircase to the Shoals.
 14702 | Lair:6   | Entered Level 6 of the Lair of Beasts
 15031 | Lair:6   | Noticed Snorg
 15046 | Lair:6   | Killed Snorg
 15472 | Lair:6   | Reached XP level 14. HP: 140/140 MP: 13/13
 15623 | Lair:6   | Found a viscous altar of Jiyva.
 15623 | Lair:6   | Found a staircase to the Slime Pits.
 15632 | Lair:6   | Became a worshipper of Jiyva Jiczys the Shapeless
 15632 | Lair:6   | Reached * piety under Jiyva
 15632 | Lair:6   | Reached ** piety under Jiyva
 15737 | Lair:6   | Reached skill level 11 in Unarmed Combat
 15774 | Lair:6   | Reached *** piety under Jiyva
 15779 | Lair:6   | Gained mutation: Your mind is acute. (Int +2) [Jiyva's
                  | grace]
 15956 | Lair:6   | Identified the +5 broad axe of Conscience {vorpal, +Blink
                  | rF+ rCorr MP-9}
 16425 | Lair:6   | Found a corrupted altar of Lugonu.
 16425 | Lair:6   | Found a one-way gate to the infinite horrors of the Abyss.
 16598 | Lair:3   | Identified the amulet "Luggodah" {Harm Regen+ Str+2 Int-3}
 16612 | Lair:3   | Identified a scroll of acquirement
 16613 | Lair:3   | Acquired 747 gold pieces
 16815 | D:7      | Bought the ring "Foemym" {rPois rC++ rN+} for 681 gold
                  | pieces
 17138 | D:12     | Found a staircase to the Orcish Mines.
 17232 | D:12     | Gained mutation: You are partially covered in iridescent
                  | scales. (AC +2) [Jiyva's grace]
 17240 | D:12     | Reached **** piety under Jiyva
 18129 | D:13     | Reached ***** piety under Jiyva
 18311 | D:13     | Lost mutation: You are partially covered in iridescent
                  | scales. (AC +2) [Jiyva's grace]
 18371 | Orc:1    | Entered Level 1 of the Orcish Mines
 18400 | Orc:1    | Found a transporter.
 18401 | Orc:1    | Noticed Beuhykh's ghost (journeyman MfGl)
 18403 | Orc:1    | Found a transporter.
 18418 | Orc:1    | Noticed Jorgrun
 18438 | Orc:1    | Slimified Jorgrun
 18438 | Orc:1    | Noticed Jorgrun
 18438 | Orc:1    | Jorgrun changed into Jorgrun the slime creature
 18648 | Orc:1    | Reached skill level 10 in Fighting
 18709 | Orc:1    | Noticed Josephine
 18725 | Orc:1    | Slimified Josephine
 18725 | Orc:1    | Noticed Josephine
 18725 | Orc:1    | Josephine changed into Josephine the slime creature
 18750 | Orc:1    | Lost mutation: Your mind is acute. (Int +2) [potion of
                  | mutation]
 18750 | Orc:1    | Gained mutation: Your movements are slightly less
                  | encumbered by armour. (ER -2) [potion of mutation]
 18750 | Orc:1    | Gained mutation: Armour fits poorly on your strangely
                  | shaped body. [potion of mutation]
 18750 | Orc:1    | Gained mutation: You are clumsy. (Dex -2) [potion of
                  | mutation]
 18750 | Orc:1    | Gained mutation: Your mind is acute. (Int +2) [potion of
                  | mutation]
 18751 | Orc:1    | Lost mutation: You are clumsy. (Dex -2) [Jiyva's power]
 19119 | Orc:1    | Gained mutation: Your skin changes colour to match your
                  | surroundings (Stealth+). [Jiyva's grace]
 19363 | Orc:1    | Killed Beuhykh's ghost
 19464 | Orc:1    | Identified the ring of Ytuwiud {rN++ Will+}
 19500 | Orc:2    | Entered Level 2 of the Orcish Mines
 19502 | Orc:2    | Found a staircase to the Elven Halls.
 19570 | Orc:2    | Paralysed by an orc sorcerer for 6 turns
 19595 | Orc:1    | Lost mutation: Your movements are slightly less encumbered
                  | by armour. (ER -2) [Jiyva's grace]
 19712 | Orc:2    | Noticed Nessos
 19726 | Orc:2    | Killed Nessos
 19767 | Orc:2    | Gained mutation: You are robust. (+10% HP) [Jiyva's grace]
 19893 | Orc:2    | Reached skill level 10 in Throwing
 19944 | Orc:2    | Gained mutation: You are partially covered in iridescent
                  | scales. (AC +2) [Jiyva's grace]
 20050 | Orc:2    | Lost mutation: You are partially covered in iridescent
                  | scales. (AC +2) [Jiyva's grace]
 20184 | Orc:2    | Gained mutation: You are covered in thick fur. (AC +2)
                  | [Jiyva's grace]
 20200 | Orc:2    | Noticed an orc warlord
 20218 | Orc:2    | Slimified an orc warlord
 20218 | Orc:2    | Noticed an acid blob
 20218 | Orc:2    | an orc warlord changed into an acid blob
 20238 | Orc:2    | Reached XP level 15. HP: 161/163 MP: 14/14
 20332 | Orc:2    | Lost mutation: Your mind is acute. (Int +2) [Jiyva's grace]
 20378 | Orc:2    | Reached ****** piety under Jiyva
 20437 | Orc:2    | Gained mutation: You have hidden genetic defects. [Jiyva's
                  | grace]
 20530 | Orc:2    | Gained mutation: You have supernaturally acute eyesight.
                  | (SInv) [Jiyva's grace]
 20557 | Orc:2    | Found Kizun's Antique Armour Shop.
 20557 | Orc:2    | Found Utedirghi's Antique Weapon Boutique.
 20559 | Orc:2    | Found Ticwuikk's General Store.
 20559 | Orc:2    | Found Qestree's Jewellery Shop.
 20564 | Orc:2    | Bought a runed cloak for 195 gold pieces
 20579 | Orc:2    | Bought a scroll of blinking for 97 gold pieces
 20579 | Orc:2    | Bought a scroll of fear for 45 gold pieces
 20579 | Orc:2    | Bought a potion of flight for 39 gold pieces
 20930 | Orc:2    | Lost mutation: Armour fits poorly on your strangely shaped
                  | body. [Jiyva's power]
 20931 | Orc:2    | Lost mutation: You have hidden genetic defects. [Jiyva's
                  | power]
 21016 | D:13     | Gained mutation: Your mind is acute. (Int +2) [Jiyva's
                  | grace]
 21118 | D:13     | Reached skill level 12 in Unarmed Combat
 21141 | D:13     | Reached skill level 10 in Dodging
 21186 | D:13     | Lost mutation: You are robust. (+10% HP) [Jiyva's grace]
 21244 | D:13     | Gained mutation: You are partially covered in iridescent
                  | scales. (AC +2) [Jiyva's grace]
 21336 | D:13     | Identified the ring "Ruckuo" {Int+4 Dex+6}
 21357 | D:13     | Got the Papyrus of Execration and Weightlessness
 21751 | D:14     | Found a portal to a secret trove of treasure.
 21932 | D:14     | Noticed Rupert
 21940 | D:14     | Slimified Rupert
 21940 | D:14     | Noticed Rupert
 21940 | D:14     | Rupert changed into Rupert the acid blob
 21965 | D:14     | Lost mutation: You are partially covered in iridescent
                  | scales. (AC +2) [Jiyva's grace]
 21998 | D:14     | Lost mutation: You are covered in thick fur. (AC +2)
                  | [Jiyva's grace]
 22132 | D:14     | Found a gate to the Vaults.
 22136 | D:14     | Gained mutation: You have acidic saliva. [Jiyva's grace]
 22279 | D:14     | Reached skill level 10 in Armour
 22439 | D:14     | Lost mutation: Your mind is acute. (Int +2) [Jiyva's grace]
 22780 | D:14     | Gained mutation: Your melee attacks may engulf your foes in
                  | ooze. [Jiyva's grace]
 22904 | D:15     | Entered Level 15 of the Dungeon
 23201 | D:15     | Found a staircase to the Depths.
 23495 | D:7      | Bought the +1 swamp dragon scales "Veck" {rPois rF+ Int+2}
                  | for 1098 gold pieces
 23680 | D:14     | You paid a toll of the swamp dragon scales "Veck" to enter
                  | a treasure trove
 23681 | Trove    | Entered a treasure trove
 23699 | Trove    | Identified the amulet of Tulips {Acrobat -Cast rElec rC+
                  | Dex+3}
 23701 | Trove    | Identified the amulet of the Dragon {Faith Str+6}
 23869 | D:15     | Lost mutation: Your skin changes colour to match your
                  | surroundings (Stealth+). [Jiyva's grace]
 23901 | D:15     | Reached XP level 16. HP: 157/162 MP: 15/15
 24049 | D:15     | Noticed Agnes
 24071 | D:15     | Killed Agnes
 24072 | D:15     | Reached skill level 13 in Unarmed Combat
 24257 | D:15     | Found a sparkling altar of Nemelex Xobeh.
 24487 | Lair:3   | Gained mutation: Armour fits poorly on your pseudopods.
                  | [Jiyva's grace]
 24572 | Slime:1  | Entered Level 1 of the Pits of Slime
 24624 | Slime:1  | Noticed an acid blob
 24674 | Slime:1  | Noticed an acid blob
 24794 | Slime:5  | Entered Level 5 of the Pits of Slime
 24800 | Slime:5  | Lost mutation: You have supernaturally acute eyesight.
                  | (SInv) [Jiyva's grace]
 24802 | Slime:5  | Gained mutation: You passively map a small area around you.
                  | [Jiyva's grace]
 24805 | Slime:5  | Gained mutation: You have an increased reservoir of magic.
                  | (+10% MP) [Jiyva's grace]
 24810 | Slime:5  | Found a viscous altar of Jiyva.
 24811 | Slime:5  | Noticed an acid blob
 24811 | Slime:5  | Noticed the Royal Jelly
 24811 | Slime:5  | Noticed an acid blob
 24812 | Slime:5  | Noticed an acid blob
 24813 | Slime:5  | Gained mutation: You have a pair of small antennae on your
                  | head. [Jiyva's grace]
 24814 | Slime:5  | Identified the +6 giant club of Winter {holy, Will++}
 24816 | Slime:5  | Got a slimy rune of Zot
 24820 | Slime:5  | Noticed an acid blob
 24822 | Slime:5  | Identified the ring of Emodumn {rPois Str+4 Int-4 SInv}
 24827 | Slime:5  | Noticed an acid blob
 24832 | Slime:5  | Identified the ring "Hefuruc" {Wiz Dex+3}
 24844 | Slime:5  | Got Vafevimo's Almanac of Flamy Displacement
 24845 | Slime:5  | Identified the +2 pair of gloves of the Spider Nest {rElec
                  | Int+3 Stlth+}
 24855 | Slime:5  | Noticed an acid blob
 24910 | Slime:5  | Noticed an acid blob
 24948 | Slime:5  | Noticed an acid blob
 25256 | Spider:1 | Entered Level 1 of the Spider Nest
 25560 | Spider:1 | Noticed Roxanne
 25609 | Spider:1 | Killed Roxanne
 26277 | Spider:2 | Gained mutation: You are agile. (Dex +2) [Jiyva's grace]
 26602 | Spider:2 | Reached skill level 10 in Evocations
 27255 | Spider:2 | Reached skill level 1 in Shields
 27695 | Spider:2 | Noticed an acid blob
 27695 | Spider:2 | an entropy weaver changed into an acid blob
 28468 | Spider:4 | Entered Level 4 of the Spider Nest
 29216 | Spider:4 | Gained mutation: Your mind is acute. (Int +2) [Jiyva's
                  | grace]
 29493 | Spider:4 | Reached XP level 17. HP: 45/172 MP: 17/17
 29504 | Spider:4 | Reached skill level 5 in Shields
 29731 | Spider:4 | Noticed an acid blob
 29731 | Spider:4 | an emperor scorpion changed into an acid blob
 29792 | Spider:4 | Killed an acid blob
 29798 | Spider:3 | Reached skill level 14 in Unarmed Combat
 30524 | Spider:4 | Got a gossamer rune of Zot
 30745 | Shoals:1 | Entered Level 1 of the Shoals
 30896 | Shoals:1 | Noticed Kirke
 30900 | Shoals:1 | Slimified Kirke
 30900 | Shoals:1 | Noticed Kirke
 30900 | Shoals:1 | Kirke changed into Kirke the slime creature
 30948 | Shoals:1 | Noticed Donald
 31064 | Shoals:1 | Killed Donald
 31103 | Shoals:1 | Gained mutation: You are covered in slimy tendrils that may
                  | disarm your opponents. [Jiyva's grace]
 31393 | Shoals:2 | Found Malaeg's CLEARANCE SALE!.
 31495 | Shoals:2 | Found a flickering gateway to a bazaar.
 31501 | Bazaar   | Entered a bazaar
 31564 | Bazaar   | Found Zohy's Magic Scroll Shoppe.
 31566 | Bazaar   | Found Vijuuset's Distillery.
 31574 | Bazaar   | Found Conajoppihe's Armour Boutique.
 31582 | Bazaar   | Found Dawkeut's Weapon Boutique.
 31590 | Bazaar   | Found Itomarou's Antique Armour Shop.
 31618 | Bazaar   | Bought a scroll of enchant armour for 97 gold pieces
 32174 | Shoals:2 | Noticed a kraken
 32177 | Shoals:2 | Gained mutation: Your body has grown golden eyes which may
                  | confuse attackers. (Acc +3) [Jiyva's grace]
 32333 | Shoals:2 | Killed a kraken
 32632 | Shoals:3 | Noticed Aizul
 32702 | Shoals:3 | Lost mutation: You are agile. (Dex +2) [Jiyva's grace]
 32761 | Shoals:3 | Slimified Aizul
 32761 | Shoals:3 | Noticed Aizul
 32761 | Shoals:3 | Aizul changed into Aizul the azure jelly
 32867 | Shoals:3 | Noticed a kraken
 33279 | Shoals:4 | Entered Level 4 of the Shoals
 33436 | Shoals:4 | Paralysed by an air elemental for 1 turns
 33440 | Shoals:4 | Paralysed by an air elemental for 1 turns
 33445 | Shoals:4 | Paralysed by an air elemental for 1 turns
 33598 | Shoals:4 | Paralysed by an air elemental for 1 turns
 33601 | Shoals:4 | HP: 7/175 [water nymph/the raging water (8)]
 33602 | Shoals:4 | Killed from afar by a water nymph

Illustrated notes

Levels and vault maps discovered:
D:1:      ldierk_water_garden, layout_basic,
          hellmonk_ecumenical_altar_leap_of_faith,
          minmay_misc_feat_four_crosses, amcnicky_mini_pool_small
D:2:      layout_basic, kennysheep_boxes
D:3:      layout_rooms, lemuel_crystal_altar, mainiacjoe_overflow_boulevard,
          portal_sewer_entry_d, minmay_divided_ellipse, uniq_jessica, uniq_ijyb
D:4:      layout_cave_pods
D:5:      layout_loops_ring, serial_shops, shop_statue, nicolae_specific_store,
          chequers_jeans
D:6:      layout_basic, kiku_gazebo_garden_becter,
          mainiacjoe_overflow_surrounded_room
D:7:      layout_basic, nicolae_yredelemnul_corpse_copse, kennysheep_little_box,
          minmay_temple_entry_glassed_door, serial_shops, kennysheep_mini_moat,
          shop, shop, shop, grunt_decor_junction, st_stairs_10
D:8:      layout_basic, okawaru_ov_weapons_minmay, amcnicky_altar_gilded,
          nicolae_vehumet_radiance
D:9:      layout_gridville, lemuel_crystal_altar, mainiacjoe_overflow_alcove_1,
          dpeg_oklobed_lair
D:10:     layout_loops_cross, lemuel_doored_altar, xom_redecorated,
          minmay_orc_keep
D:11:     layout_loops_cross, serial_rivers, chequers_serial_rivers_small_b,
          chequers_serial_rivers_micro_d, chequers_serial_rivers_room_b,
          chequers_serial_rivers_large_a, minivault_10, uniq_fannar
D:12:     layout_layer_cave, david_orc_3, minmay_misc_feat_nine_boxes
D:13:     minmay_the_grid_square_5x5_5x5_mashed [minmay_the_grid_square_5x5_tie,
          minmay_the_grid_square_5x5_lines, minmay_the_grid_square_5x5_minibox,
          minmay_the_grid_square_5x5_six_small,
          minmay_the_grid_square_5x5_doubleslash, minmay_the_grid_square_5x5_v,
          minmay_the_grid_square_5x5_prize_pseudospiral,
          minmay_the_grid_square_5x5_sharp_hourglass,
          minmay_the_grid_square_5x5_prize_snowflake,
          minmay_the_grid_square_5x5_inverted_slash,
          minmay_the_grid_square_5x5_two_walls_b,
          minmay_the_grid_square_5x5_hourglass,
          minmay_the_grid_square_5x5_prize_gold, minmay_the_grid_square_5x5_c,
          minmay_the_grid_square_5x5_checkered_statues,
          minmay_the_grid_square_5x5_almost_minimal,
          minmay_the_grid_square_5x5_prize_monsterx,
          minmay_the_grid_square_5x5_spiral,
          minmay_the_grid_square_5x5_prize_open,
          minmay_the_grid_square_5x5_two_small,
          minmay_the_grid_square_5x5_spiral_small,
          minmay_the_grid_square_5x5_two, minmay_the_grid_square_5x5_empty,
          minmay_the_grid_square_5x5_forky,
          minmay_the_grid_square_5x5_eight_small], layout_long_grid
D:14:     layout_roguey [special_room_orc], skrybe_vaults_entry_preservation,
          nicolae_trove_entry_free_sample, minmay_hedge_maze, serial_rivers,
          chequers_serial_rivers_room_b, chequers_serial_rivers_small_3,
          chequers_serial_rivers_large_b, chequers_serial_rivers_micro_b,
          uniq_rupert
D:15:     hangedman_depths_entry_try_elsewhere_first, layout_basic,
          nemelex_spade_bored_becter, lightli_minifort, uniq_agnes
Temple:   compressed_dpeg_triangle_lava_temple
Lair:1:   layout_chaotic_city
Lair:2:   layout_gridlike, nicolae_spider_entry_non_spiders,
          beast_lair_carwin_7, uniq_gastronok, uniq_urug
Lair:3:   layout_small_grid, basic_altar, special_room [special_room_bee],
          minmay_lindwurm_lava, lemuel_fruit_tree, lemuel_fruit_fields
Lair:4:   layout_cave_shapes, elwin_shoals_entry_rocks, uniq_nergalle
Lair:5:   layout_roguey, enter_volcano_3
Lair:6:   hellmonk_lair_end_abyssal_woods, layout_long_grid,
          dpeg_slime_entry_enclosed_altar, kennysheep_rathole,
          grunt_megastairs_1, infiniplex_staircase_pool_2, uniq_snorg
Shoals:1: layout_shoals, uniq_kirke, uniq_donald
Shoals:2: layout_shoals, serial_shops, bzr_entry_safe, nicolae_shop_clearance
Shoals:3: layout_shoals, uniq_aizul
Shoals:4: shoals_end_hellmonk_storm_palace [storm_palace_center_ruins,
          storm_palace_corner_reverse_hut, storm_palace_corner_altar,
          storm_palace_corner_altar, storm_palace_corner_pillars]
Spider:1: layout_spider_delve, uniq_roxanne
Spider:2: layout_chambers, hangedman_spider_mandibles, spiders_nest_hornet_nest
Spider:3: layout_spider_delve, nicolae_spider_not_touching_you
Spider:4: grunt_spider_rune_circles, nicolae_orb_stairs
Slime:1:  layout_caves, cheibrodos_slime_lost_civilization_5
Slime:2:  layout_caves, cheibrodos_slime_lost_civilization_7
Slime:3:  layout_caves
Slime:4:  layout_caves
Slime:5
Orc:1:    nicolae_orc_accident_1, layout_caves, gammafunk_ghost_arena,
          uniq_jorgrun, uniq_josephine
Orc:2:    st_orc_congregation, layout_diamond_mine, uniq_nessos

Skill      XL: |  1  2  3  4  5  6  7  8  9 10 11 12 13 14 15 16 17 |
---------------+----------------------------------------------------+-----
Fighting       | 3 4 5 6 7 8 9 10 11 12 | 12.5
Dodging        | 3 4 5 6 7 8 9 10 | 10.0
Unarmed Combat | 4 5 6 7 8 9 10 11 12 13 14 | 14.4
Armour         | 1 2 3 4 5 6 7 8 9 10 11 | 11.9
Throwing       | 1 2 3 4 5 6 8 9 10 | 10.0
Evocations     | 1 2 3 4 5 6 7 8 9 10 | 10.0
Shields        | 4 7 |  7.5
Stealth        | |  1.0

Action                   |  1- 3 |  4- 6 |  7- 9 | 10-12 | 13-15 | 16-18 || total
-------------------------+-------+-------+-------+-------+-------+-------++-------
Melee: Unarmed           |    90 |   146 |   419 |   752 |  1555 |  1040 ||  4002
       Punch             |     1 |     1 |    10 |    39 |   109 |    46 ||   206
       Bite              |       |       |       |       |    37 |   181 ||   218
       Pseudopods        |       |       |       |       |       |   300 ||   300
Throw: Large rock        |       |       |       |     8 |    49 |    43 ||   100
       Javelin           |       |       |       |       |     1 |       ||     1
Invok: Slimify           |       |       |       |       |     9 |    15 ||    24
       Cure Bad Mutation |       |       |       |       |     4 |       ||     4
       Request Jelly     |       |       |       |       |     1 |       ||     1
Evoke: Wand              |       |       |     2 |    12 |    31 |    43 ||    88
       Box of beasts     |       |       |       |       |       |     1 ||     1
       Phial of floods   |       |       |       |       |       |     1 ||     1
  Use: Scroll            |     1 |     7 |     8 |     8 |    18 |    14 ||    56
       Potion            |       |     2 |       |     3 |     9 |    11 ||    25
 Stab: Sleeping          |     4 |     1 |       |       |     1 |       ||     6
       Petrified         |       |       |       |     5 |       |       ||     5
       Paralysed         |       |       |       |       |     3 |       ||     3
       Distracted        |       |       |       |       |     2 |       ||     2
Armor: Robe              |    24 |    14 |       |       |       |       ||    38
       Pearl dragon scal |       |    75 |   204 |   319 |   723 |   825 ||  2146
Dodge: Dodged            |    35 |    60 |   228 |   482 |  1250 |  1454 ||  3509
Block: Other             |       |       |       |   174 |   360 |       ||   534
       Reflection        |       |       |       |     2 |    23 |    10 ||    35
       Kite shield       |       |       |       |       |       |   317 ||   317

Table legend: (Time is in decaauts)
 A = Elapsed time spent in this place.
 B = Non-inter-level travel time spent in this place.
 C = Inter-level travel time spent in this place.
 D = Time resting spent in this place.
 E = Time spent auto-exploring this place.
 F = Levels seen in this place.
 G = Mean time per level.
                   A        B        C        D        E       F      G
               +--------+--------+--------+--------+--------+-----+--------+
         Total |  33363 |  30684 |   2679 |   3274 |  18975 |  40 |  834.1 |
       Dungeon |  14575 |  13065 |   1510 |    620 |   9357 |  15 |  971.7 |
        Temple |    250 |    248 |      2 |      0 |    241 |   1 |  250.0 |
          Lair |   6805 |   6175 |    630 |    702 |   3633 |   6 | 1134.2 |
        Shoals |   2836 |   2726 |    110 |    494 |   1479 |   4 |  709.0 |
   Spider Nest |   5290 |   5041 |    249 |   1142 |   2265 |   4 | 1322.5 |
    Slime Pits |    592 |    506 |     86 |      0 |    405 |   5 |  118.4 |
  Orcish Mines |   2504 |   2414 |     90 |    310 |   1310 |   2 | 1252.0 |
        Bazaar |    127 |    127 |      0 |      0 |     92 |   1 |  127.0 |
         Trove |     89 |     89 |      0 |      0 |     63 |   1 |   89.0 |
         Sewer |    291 |    291 |      0 |      5 |    128 |   1 |  291.0 |
               +--------+--------+--------+--------+--------+-----+--------+

Top non-repeatable levels by time:
Spider:2: 1684 daAuts
  Lair:6: 1658 daAuts
    D:14: 1516 daAuts
  Lair:3: 1492 daAuts
Spider:3: 1432 daAuts
    D:12: 1404 daAuts
   Orc:2: 1256 daAuts
Spider:4: 1256 daAuts
   Orc:1: 1248 daAuts
    D:11: 1199 daAuts
     D:7: 1191 daAuts
Shoals:2: 1104 daAuts
  Lair:5: 1100 daAuts
  Lair:2: 984 daAuts
     D:6: 959 daAuts
